 Dungeon Crawl Stone Soup version 0.18.0-1-g0107ab7 (webtiles) character file.

242 Hsing the Covert (level 6, 0/39 HPs)
             Began as an Octopode Assassin on May 5, 2016.
             Slain by an orc (2 damage)
             ... on level 4 of the Dungeon.
             The game lasted 00:07:31 (1819 turns).

Hsing the Covert (Octopode Assassin)                Turns: 1819, Time: 00:07:32

Health: 0/39       AC:  1    Str: 10    XL:     6   Next: 9%
Magic:  6/6        EV: 16    Int: 13    God:
Gold:   134        SH:  0    Dex: 16    Spells: 0 memorised, 5 levels left

rFire  + + .     SeeInvis .     a - +3 dagger
rCold  . . .     Gourm    .     (no shield)
rNeg   . . .     Faith    .     (helmet restricted)
rPois  +         Spirit   .     i - amulet of dismissal
rElec  +         Dismiss  +     k - ring of fire
rCorr  +         Reflect  .     s - +4 ring of evasion
SustAt .         Harm     .     (no ring)
MR     .....                    (no ring)
Stlth  +++++.....               (no ring)
                                (no ring)
                                (no ring)
                                (no ring)

@: resistant, flying, not resistant to hostile enchantments, quite stealthy
A: almost no armour, amphibious, 8 rings, constrict 8, camouflage 1, gelatinous
body 1
a: no special abilities


You were on level 4 of the Dungeon.
You were not hungry.

You visited 1 branch of the dungeon, and saw 4 of its levels.

You collected 134 gold pieces.

Inventory:

Hand Weapons
 a - a +3 dagger (weapon)
 b - a +0 blowgun
Missiles
 c - 6 poisoned needles
 d - 2 curare-tipped needles
Jewellery
 i - an amulet of dismissal (around mantle)
 k - a ring of fire (left tentacle)
 s - a +4 ring of evasion (right tentacle)
Wands
 q - a wand of iceblast (13/15)
 r - a wand of lightning (4/15)
Scrolls
 e - a scroll of enchant weapon
 j - 2 scrolls of remove curse
 l - a scroll of noise {unknown}
 p - a scroll of blinking {unknown}
Potions
 n - a potion of might {unknown}
Comestibles
 f - 3 bread rations


   Skills:
 - Level 2.0 Fighting
 + Level 3.3 Short Blades
 + Level 3.5 Throwing
 - Level 1.0 Dodging
 * Level 8.1 Stealth


You had 5 spell levels left.
You didn't know any spells.

Dungeon Overview and Level Annotations

Branches:
Dungeon (4/15)
 Temple: D:4-7

Altars:
Qazlal


Innate Abilities, Weirdness & Mutations

You cannot wear most types of armour.
You are amphibious.
You can wear up to eight rings at the same time.
You can use your tentacles to constrict eight enemies at once.
Your skin changes colour to match your surroundings (Stealth).
Your rubbery body absorbs attacks (AC +1).


Message History

Drink which item? (? for menu, Esc to quit)
It was a potion of resistance.
You feel protected.
You constrict the orc wizard. The orc wizard closely misses you.
The orc hits you.
* * * LOW HITPOINT WARNING * * *
Drink which item? (? for menu, Esc to quit)
It was a potion of flight.
You feel very buoyant.
You fly up into the air.
You constrict the orc wizard.
You kill the orc wizard!
Your Stealth skill increases to level 8!
You have reached level 6!
Your experience leads to an increase in your attributes!
Increase (S)trength, (I)ntelligence, or (D)exterity?
You feel agile. The orc misses you.
Drink which item? (? for menu, Esc to quit)
It was a potion of cure mutation.
It has a very clean taste.
The orc hits you.
You die...

# #.
#.#####
#.)?..#####
#..@.......
#.#.o......
# .........
##........
#......##
......##
....###
....#


You could see an orc.

Vanquished Creatures
  Sigmund (D:2)
  An orc wizard (D:4)
  2 adders (D:2)
  4 giant geckos
  6 bats
  3 goblins
  A hobgoblin (D:1)
  11 jackals
  A quokka (D:2)
  4 giant newts
  4 kobolds
  5 rats
43 creatures vanquished.

Notes
Turn   | Place    | Note
--------------------------------------------------------------
     0 | D:1      | Hsing the Octopode Assassin began the quest for the Orb.
     0 | D:1      | Reached XP level 1. HP: 14/14 MP: 1/1
    94 | D:1      | Reached XP level 2. HP: 17/19 MP: 2/2
   611 | D:1      | Reached XP level 3. HP: 24/24 MP: 3/3
   634 | D:1      | Reached skill level 6 in Stealth
  1008 | D:2      | Found a stormy altar of Qazlal.
  1148 | D:2      | Noticed Sigmund
  1477 | D:2      | Reached XP level 4. HP: 19/29 MP: 4/4
  1554 | D:2      | Killed Sigmund
  1554 | D:2      | Reached skill level 7 in Stealth
  1554 | D:2      | Reached XP level 5. HP: 15/34 MP: 5/5
  1817 | D:4      | HP: 1/34 [orc (4)]
  1818 | D:4      | Reached skill level 8 in Stealth
  1818 | D:4      | Reached XP level 6. HP: 2/39 MP: 6/6
  1819 | D:4      | Slain by an orc

Skill      XL: |  1  2  3  4  5 |
---------------+----------------+-----
Stealth        | 6 7 8 |  8.1
Short Blades   | 3 |  3.3
Throwing       | 3 |  3.5
Fighting       | |  2.0
Dodging        | |  1.0

Action                   |  1- 3 |  4- 6 || total
-------------------------+-------+-------++-------
Melee: Dagger            |    65 |    10 ||    75
       Tentacles         |     7 |     2 ||     9
       Constrict         |    12 |     3 ||    15
 Fire: Blowgun           |     6 |     7 ||    13
Evoke: Wand              |       |     3 ||     3
  Use: Scroll            |     5 |     1 ||     6
       Potion            |       |     3 ||     3
 Stab: Sleeping          |    19 |       ||    19
       Distracted        |     1 |       ||     1
  Eat: Meat ration       |     1 |       ||     1
Armor: Skin              |     3 |     3 ||     6
Dodge: Dodged            |    23 |     9 ||    32
